 Dungeon Crawl Stone Soup version 0.23.2-33-g5129a83184 (webtiles) character file.

Game seed: 287528355580550132

6094 Kold the Destroyer (level 10, -5/83 HPs)
             Began as a Yellow Draconian Conjurer on July 17, 2019.
             Was a Believer of Vehumet.
             Slain by a two-headed ogre
             ... wielding a +0 giant club
              (27 damage)
             ... on level 9 of the Dungeon.
             The game lasted 00:25:26 (11428 turns).

Kold the Destroyer (Yellow Draconian Conjurer)     Turns: 11428, Time: 00:25:26

Health: -5/83      AC:  7    Str: 10    XL:     10   Next: 58%
Magic:  14/16      EV: 15    Int: 18    God:    Vehumet [**....]
Gold:   349        SH:  0    Dex: 13    Spells: 3/17 levels left

rFire    . . .     SeeInvis .   p - +2 dagger (venom)
rCold    . . .     Gourm    .   (no shield)
rNeg     . . .     Faith    .   (armour unavailable)
rPois    .         Spirit   .   (helmet restricted)
rElec    .         Reflect  .   (no cloak)
rCorr    +         Harm     .   (no gloves)
MR       +....                  (no boots)
Stlth    ++........             (no amulet)
HPRegen  0.23/turn              A - ring of protection from magic
MPRegen  0.15/turn              (no ring)

@: very slightly contaminated, invisible
A: spit acid, unfitting armour, cold-blooded, acid resistance, AC +7
a: Breathe Acid, Renounce Religion


You were on level 9 of the Dungeon.
You worshipped Vehumet.
Vehumet was pleased with you.
You were not hungry.

You visited 2 branches of the dungeon, and saw 11 of its levels.
You also visited: Sewer and Ossuary.

You collected 424 gold pieces.
You spent 75 gold pieces at shops.

Inventory:

Hand Weapons
 p - a +2 dagger of venom (weapon)
Magical Staves
 k - an uncursed staff of summoning
Jewellery
 A - a ring of protection from magic (left hand)
 B - an uncursed amulet of harm
Wands
 o - a wand of paralysis (8)
 C - a wand of digging (5)
Scrolls
 c - 2 scrolls of identify
 d - 5 scrolls of remove curse
 j - a scroll of blinking {unknown}
 l - 2 scrolls of magic mapping
 m - 3 scrolls of enchant weapon
 s - 3 scrolls of enchant armour {unknown}
 t - a scroll of fear {unknown}
 w - 2 scrolls of immolation {unknown}
 y - a scroll of random uselessness {unknown}
 D - a scroll of amnesia {unknown}
Potions
 a - 3 potions of haste {unknown}
 e - a potion of invisibility
 f - 4 potions of curing {unknown}
 h - 3 potions of magic
 i - 2 potions of berserk rage
 n - 3 potions of flight
 q - 3 potions of might
 r - a potion of degeneration {unknown}
 u - a potion of resistance
 v - a potion of ambrosia
 x - 3 potions of heal wounds
 z - 3 potions of agility {unknown}
Comestibles
 b - 8 rations


   Skills:
 + Level 6.0 Fighting
 + Level 6.2 Dodging
 - Level 2.0 Stealth
 - Level 4.0 Spellcasting
 * Level 11.2 Conjurations
 - Level 5.1 Hexes
 - Level 4.4 Evocations


You had 3 spell levels left.
You knew the following spells:

 Your Spells              Type           Power        Failure   Level  Hunger
a - Magic Dart            Conj           ####         1%          1    None
b - Searing Ray           Conj           #####.       1%          2    ##.....
c - Iskenderun's Mystic   Conj           #####...     1%          4    ####...
d - Fulminant Prism       Conj/Hex       ####......   4%          4    ####...
e - Confuse               Hex            ###.....     5%          3    ###....

Your spell library contained the following spells:

 Spells                   Type           Power        Failure   Level  Hunger
 Sting                    Conj/Pois      ###.         1%          1    None
 Confusing Touch          Hex            ###...       1%          1    None
 Dazzling Spray           Conj/Hex       ####..       1%          3    ###....
 Beastly Appendage        Tmut           #.....       14%         1    None
 Infusion                 Chrm           #...         14%         1    None
 Summon Small Mammal      Summ           #...         14%         1    None
 Spectral Weapon          Hex/Chrm       ##......     16%         3    ###....
 Summon Guardian Golem    Hex/Summ       ##......     16%         3    ###....
 Call Imp                 Summ           #.......     22%         2    ##.....
 Shroud of Golubria       Chrm/Tloc      #.........   22%         2    ##.....
 Song of Slaying          Chrm           #.......     22%         2    ##.....
 Sticks to Snakes         Tmut           #.......     22%         2    ##.....
 Call Canine Familiar     Summ           #.......     41%         3    ###....
 Gell's Gravitas          Tloc           #.........   41%         3    ###....
 Regeneration             Chrm/Necr      #.........   41%         3    ###....
 Spider Form              Tmut/Pois      #.........   41%         3    ###....
 Force Lance              Conj/Tloc      ###.....     14%         4    ####...
 Ice Form                 Ice/Tmut       #.......     82%         4    ####...
 Petrify                  Tmut/Erth      #.......     82%         4    ####...
 Summon Ice Beast         Ice/Summ       #.......     82%         4    ####...
 Summon Lightning Spire   Summ/Air       #.......     82%         4    ####...
 Metabolic Englaciation   Hex/Ice        ##........   82%         5    ######.
 Yara's Violent Unravell  Hex/Tmut       ##........   82%         5    ######.
 Blade Hands              Tmut           #.........   99%         5    ######.


Dungeon Overview and Level Annotations

Branches:
Dungeon (10/15)            Temple (1/1) D:6             Orc (0/2) D:10
   Lair: D:8-11

Altars:
Ashenzari
Cheibriados
Dithmenos
Fedhas
Nemelex Xobeh
Okawaru
Qazlal
Ru
Trog
Uskayaw
Vehumet
Wu Jian
Xom
Yredelemnul
Zin
The Shining One
Jiyva

Shops:
D:9 !}

Annotations:
D:6 Grinder, Sigmund
D:9 3 runed translucent doors


Innate Abilities, Weirdness & Mutations

You can spit globs of acid.
Your golden yellow scales are hard. (AC +7)
You cannot fit into any form of body armour.
You are cold-blooded and may be slowed by cold attacks.
You are resistant to acid. (rCorr)


Message History

The searing ray hits the two-headed ogre.
The two-headed ogre is lightly wounded.
The searing ray hits the two-headed ogre!
The two-headed ogre is heavily wounded.
The two-headed ogre hits you with a +0 giant club!!
* * * LOW HITPOINT WARNING * * *
The two-headed ogre hits you with a +0 giant spiked club!!
* * * LOW HITPOINT WARNING * * *
You feel much better.
The two-headed ogre hits you with a +0 giant club!
* * * LOW HITPOINT WARNING * * *
The two-headed ogre completely misses you.
You fade into invisibility!
The two-headed ogre barely misses you. The two-headed ogre closely misses you.
You are very lightly contaminated with residual magic.
You climb upwards.
Level annotation: 3 runed translucent doors
There is a stone staircase leading down here.
The two-headed ogre hits you with a +0 giant club!!
You die...

#.............## #..((...∩#
#...........### ####(#####
#########.### #(# ##..# ##.#
##..## #..# #..## #.##
######'###### ####'######
#...........#### #..........
#...<......@'.[###..........
#....[>...O.##..##......^...
#....[[.....###..'⌠.⌠.......
#...........# ####.∩........
#########'### #⌠.⌠+######
#.# ##.#.# ##.# #...# ##..#
#######'###### #..##
#.............


You could see a two-headed ogre.

Vanquished Creatures
  A two-headed ogre (D:8)
  A centaur zombie (D:10)
  Maurice (D:10)
  A hippogriff (D:7)
  4 wyverns
  A hungry ghost (D:7)
  A water moccasin (D:5)
  Duvessa (D:6)
  2 orc warriors (D:10)
  Purgy (Sewer)
  2 sky beasts
  2 black bears
  2 phantoms
  An ice beast (D:8)
  5 ogres
  4 centaurs
  4 bullfrogs
  Dowan (D:6)
  A scorpion (D:9)
  5 killer bees (D:7)
  A wight (D:6)
  A howler monkey (D:4)
  2 bullfrog zombies
  2 crimson imps (D:5)
  4 quasits
  2 hounds
  5 jellies
  3 orc wizards
  A centaur skeleton (D:4)
  2 orc priests
  2 bullfrog skeletons
  2 iguanas
  Jessica (D:2)
  7 worker ants
  2 hound skeletons
  3 mummies (Ossuary)
  2 worker ant zombies
  10 adders
  3 gnolls (D:6)
  4 shadow imps
  3 adder zombies
  2 adder skeletons (D:7)
  3 worms
  3 dart slugs
  4 leopard geckos
  18 orcs
  9 bats
  3 giant cockroaches
  A gnoll zombie (Ossuary)
  6 goblins
  6 hobgoblins
  8 jackals
  5 quokkas
  3 ball pythons
  11 frilled lizards
  A goblin zombie (Ossuary)
  4 hobgoblin zombies (Ossuary)
  A jackal skeleton (D:5)
  7 kobolds
  5 kobold zombies (Ossuary)
  5 quokka zombies (Ossuary)
  7 rats
  A rat zombie (Ossuary)
216 creatures vanquished.

Vanquished Creatures (others)
  A fulminant prism (D:10)
  2 plants (D:10)
3 creatures vanquished.

Grand Total: 219 creatures vanquished

Notes
Turn   | Place    | Note
-------+----------+-------------------------------------------
     0 | D:1      | Kold the Draconian Conjurer began the quest for the Orb.
     0 | D:1      | Reached XP level 1. HP: 14/14 MP: 3/3
   323 | D:1      | Reached XP level 2. HP: 20/20 MP: 3/5
   741 | D:2      | Reached XP level 3. HP: 18/26 MP: 0/6
   832 | D:2      | Found a shimmering altar of Xom.
  1107 | D:2      | Reached XP level 4. HP: 32/33 MP: 2/8
  1117 | D:2      | Noticed Jessica
  1124 | D:2      | Killed Jessica
  1233 | D:2      | Reached skill level 5 in Conjurations
  1637 | D:3      | Found a glowing golden altar of the Shining One.
  2071 | D:3      | Found a hide-covered altar of Uskayaw.
  2130 | D:4      | Reached XP level 5. HP: 38/38 MP: 2/10
  2154 | D:4      | Noticed a phantom
  2455 | D:4      | Found a glowing drain.
  2461 | D:4      | Reached skill level 6 in Conjurations
  2461 | D:4      | Reached XP level 6. HP: 27/45 MP: 7/12
  2472 | Sewer    | Entered a sewer
  2571 | Sewer    | Noticed Purgy
  2583 | Sewer    | Killed Purgy
  2756 | D:4      | Found a sand-covered staircase.
  2761 | Ossuary  | Entered an ossuary
  2945 | Ossuary  | Learned a level 2 spell: Searing Ray
  2950 | Ossuary  | Learned a level 4 spell: Iskenderun's Mystic Blast
  2955 | Ossuary  | Learned a level 4 spell: Fulminant Prism
  3419 | D:4      | Reached skill level 7 in Conjurations
  3458 | D:4      | Your scales start taking on a golden yellow colour.
  3458 | D:4      | Reached XP level 7. HP: 46/50 MP: 0/13
  3458 | D:4      | Gained mutation: You are resistant to acid. (rCorr) [Yellow
                  | Draconian growth]
  3659 | D:4      | Noticed an angel
  3660 | D:4      | Found a glowing silver altar of Zin.
  3758 | D:5      | Entered Level 5 of the Dungeon
  3822 | D:5      | Found a blossoming altar of Fedhas.
  4037 | D:5      | Reached skill level 8 in Conjurations
  5185 | D:6      | Noticed Grinder
  5340 | D:6      | Found a staircase to the Ecumenical Temple.
  5349 | D:6      | Reached skill level 9 in Conjurations
  5353 | Temple   | Entered the Ecumenical Temple
  5587 | D:6      | Noticed Dowan
  5589 | D:6      | Noticed Duvessa
  5590 | D:6      | Reached XP level 8. HP: 52/57 MP: 8/14
  5602 | D:6      | Killed Duvessa
  5938 | D:6      | Noticed a two-headed ogre
  6330 | D:6      | Killed Dowan
  6330 | D:6      | Reached skill level 10 in Conjurations
  6506 | D:6      | Noticed Sigmund
  6590 | D:7      | Found a snail-covered altar of Cheibriados.
  6593 | D:7      | Found a sacrificial altar of Ru.
  6596 | D:7      | Found an ornate altar of the Wu Jian Council.
  6599 | D:7      | Found a radiant altar of Vehumet.
  6603 | D:7      | Became a worshipper of Vehumet
  6959 | D:7      | Reached skill level 1 in Fighting
  7059 | D:7      | Reached skill level 1 in Hexes
  7492 | D:7      | Noticed a hippogriff
  7768 | D:7      | Killed a hippogriff
  7825 | D:7      | Reached XP level 9. HP: 70/70 MP: 12/15
  8115 | D:8      | Found a basalt altar of Yredelemnul.
  8194 | D:8      | Reached * piety under Vehumet
  8194 | D:8      | Offered knowledge of Sandblast by Vehumet.
  8299 | D:8      | Noticed a two-headed ogre
  8562 | D:8      | Killed a two-headed ogre
  8562 | D:8      | Reached skill level 5 in Fighting
  8562 | D:8      | Reached skill level 5 in Dodging
  8995 | D:8      | Reached skill level 5 in Hexes
  9264 | D:8      | Reached skill level 1 in Evocations
  9385 | D:9      | Found a runed translucent gate.
  9385 | D:9      | Found a runed translucent gate.
  9385 | D:9      | Found a runed translucent gate.
  9386 | D:9      | Noticed a green ugly thing
  9386 | D:9      | Noticed a cyan ugly thing
  9386 | D:9      | Noticed a cyan ugly thing
  9386 | D:9      | Noticed a cyan ugly thing
  9387 | D:9      | Noticed a brown ugly thing
  9421 | D:9      | Found Yrimet's Distillery.
  9436 | D:9      | Bought a potion of heal wounds for 75 gold pieces
  9448 | D:9      | Found Icoaf's Gadget Shoppe.
  9485 | D:9      | Found a shattered altar of Ashenzari.
  9494 | D:9      | Reached XP level 10. HP: 49/81 MP: 7/16
 10078 | D:8      | Found a bloodstained altar of Trog.
 10155 | D:10     | Entered Level 10 of the Dungeon
 10525 | D:10     | Found a staircase to the Orcish Mines.
 10576 | D:10     | Offered knowledge of Sting by Vehumet.
 10603 | D:10     | Reached ** piety under Vehumet
 10974 | D:10     | Learned a level 3 spell: Confuse
 11018 | D:10     | Reached skill level 11 in Conjurations
 11067 | D:10     | Noticed a two-headed ogre
 11295 | D:10     | Noticed Maurice
 11313 | D:10     | Killed Maurice
 11419 | D:10     | HP: 1/83 [two-headed ogre/+0 giant club (19)]
 11428 | D:9      | Slain by a two-headed ogre

Skill      XL: |  1  2  3  4  5  6  7  8  9 10 |
---------------+-------------------------------+-----
Dodging        | 2 3 5 6 |  6.2
Stealth        | 2 |  2.0
Spellcasting   | 3 4 |  4.0
Conjurations   | 5 6 7 9 10 11 | 11.2
Fighting       | 3 5 6 |  6.0
Hexes          | 3 5 |  5.1
Evocations     | 1 4 |  4.4

Action                   |  1- 3 |  4- 6 |  7- 9 | 10-12 || total
-------------------------+-------+-------+-------+-------++-------
Melee: Spear             |    36 |       |       |       ||    36
       Dagger            |     1 |    63 |   138 |    58 ||   260
       Tailslap          |     1 |     5 |    15 |     9 ||    30
 Cast: Magic Dart        |    61 |   161 |   208 |   112 ||   542
       Searing Ray       |       |     1 |    15 |     7 ||    23
       Iskenderun's Myst |       |       |    19 |    14 ||    33
       Confuse           |       |       |       |     1 ||     1
       Fulminant Prism   |       |       |       |     1 ||     1
 Abil: Breathe Acid      |       |       |     5 |     2 ||     7
  Use: Scroll            |       |    10 |     3 |       ||    13
       Potion            |       |       |     3 |     2 ||     5
  Eat: Chunk             |     1 |     5 |     8 |     9 ||    23
       Ration            |       |     1 |     5 |       ||     6
Armor: Skin              |    27 |    21 |    71 |    20 ||   139
Dodge: Dodged            |    35 |    71 |   162 |    62 ||   330
